 Dungeon Sprint DCSS version 0.23.2-1-ga50397a (webtiles) character file.

Game seed: 1493324356940208355

280 Kahibar the Blocker (level 6, -6/58 HPs)
             Began as a Hill Orc Fighter on May 11, 2019.
             Mangled by a slime creature (17 damage)
             ... in the Dungeon (Sprint I: "Red Sonja").
             The game lasted 00:05:03 (460 turns).

Kahibar the Blocker (Hill Orc Fighter)               Turns: 460, Time: 00:05:04

Health: -6/58      AC:  8    Str: 21    XL:     6   Next: 27%
Magic:  6/6        EV:  9    Int:  8    God:
Gold:   162        SH: 11    Dex: 10    Spells: 5/5 levels left

rFire    . . .     SeeInvis .   a - +0 war axe
rCold    . . .     Gourm    .   c - +0 shield
rNeg     . . .     Faith    .   b - +0 scale mail
rPois    .         Spirit   .   (no helmet)
rElec    .         Reflect  .   (no cloak)
rCorr    .         Harm     .   (no gloves)
MR       .....     NoTele   +   (no boots)
Stlth    ..........             (no amulet)
HPRegen  0.19/turn              (no ring)
MPRegen  0.10/turn              (no ring)

@: no status effects
A: no striking features
a: no special abilities


You were in the Dungeon.
You were not hungry.

You visited 1 branch You collected 162 gold pieces.

Inventory:

Hand Weapons
 a - a +0 war axe (weapon)
 g - a +0 club
 h - a +0 scythe
Armour
 b - a +0 scale mail (worn)
 c - a +0 shield (worn)
 j - a +0 robe
Scrolls
 k - a scroll of blinking
Potions
 d - a potion of might
 e - a potion of curing
 i - 2 potions of magic
Comestibles
 f - a ration


   Skills:
 + Level 6.8 Fighting
 + Level 7.9 Axes
 + Level 8.4 Armour
 + Level 1.4 Dodging
 + Level 8.5 Shields


You had 5 spell levels left.
You didn't know any spells.
Your spell library was empty.

Dungeon Overview and Level Annotations

Branches:
Dungeon (1/1)

Altars:
Makhleb
Xom
Jiyva
Lugonu


Message History

You are too injured to fight recklessly!
You are too injured to fight recklessly!
You are too injured to fight recklessly!
You are too injured to fight recklessly!
You are too injured to fight recklessly!
You are too injured to fight recklessly!
You recover from your berserk rage.
The slime creature barely misses you.
There is an open door here.
The slime creature hits you!
* * * LOW HITPOINT WARNING * * *
You see here the human corpse of Sigmund.
There is an open door, spattered with blood here.
The slime creature hits you but does no damage.
There is an open door, spattered with blood here.
You see here a +0 giant club.
The slime creature barely misses you.
There is an open door here.
The slime creature hits you!
You die...

###################
#<.#..)..#..'..#__#
#..J..#..'†.#..'..+
#.@#####'#####+#__#
#..# #..# ### #.[#
#### #..# #⌠⌠# ####


You could see a slime creature.

Vanquished Creatures
  Sigmund (D)
  An ogre (D)
  Ijyb (D)
3 creatures vanquished.

Vanquished Creatures (others)
  A gargoyle (D)
1 creature vanquished.

Grand Total: 4 creatures vanquished

Notes
Turn   | Place    | Note
-------+----------+-------------------------------------------
     0 | D        | Kahibar the Hill Orc Fighter began the quest for the Orb.
     0 | D        | Reached XP level 1. HP: 19/19 MP: 1/1
     2 | D        | Noticed Ijyb
    98 | D        | Killed Ijyb
    98 | D        | Reached XP level 2. HP: 28/28 MP: 2/2
    98 | D        | Reached XP level 3. HP: 34/34 MP: 3/3
   108 | D        | Noticed an ogre
   118 | D        | Killed an ogre
   118 | D        | Reached skill level 5 in Fighting
   118 | D        | Reached skill level 5 in Axes
   118 | D        | Reached XP level 4. HP: 23/44 MP: 4/4
   380 | D        | Noticed Sigmund
   393 | D        | Killed Sigmund
   393 | D        | Reached skill level 1 in Dodging
   393 | D        | Reached XP level 5. HP: 51/51 MP: 5/5
   393 | D        | Reached XP level 6. HP: 58/58 MP: 6/6
   401 | D        | Killed a gargoyle
   431 | D        | Found a burning altar of Makhleb.
   431 | D        | Found a viscous altar of Jiyva.
   431 | D        | Found a shimmering altar of Xom.
   431 | D        | Found a corrupted altar of Lugonu.
   431 | D        | Noticed a slime creature
   460 | D        | Mangled by a slime creature

Skill      XL: |  1  2  3  4 |
---------------+-------------+-----
Fighting       | 4 5 6 |  6.8
Axes           | 3 5 7 |  7.9
Armour         | 4 6 8 |  8.4
Shields        | 4 6 8 |  8.5
Dodging        | 1 |  1.4

Action                   |  1- 3 |  4- 6 || total
-------------------------+-------+-------++-------
Melee: War axe           |    45 |    21 ||    66
  Use: Potion            |     2 |     1 ||     3
Armor: Scale mail        |    24 |     6 ||    30
Dodge: Dodged            |    11 |     3 ||    14
Block: Shield            |    27 |     4 ||    31
